 Dungeon Crawl Stone Soup version 0.26.1-11-gd32895ea62 (webtiles) character file.

Game seed: 6126280464294094869

27518 Gwenloh the Carver (level 13, -1/104 HPs)
             Began as a Human Berserker on May 29, 2021.
             Was an Elder of Trog.
             Slain by a sun demon (3 damage)
             ... summoned by an orc high priest
             ... on level 2 of the Orcish Mines.
             The game lasted 01:14:30 (21373 turns).

Gwenloh the Carver (Human Berserker)               Turns: 21373, Time: 01:14:31

Health: -1/104     AC: 14    Str: 19    XL:     13   Next: 66%
Magic:  13/13      EV: 10    Int:  7    God:    Trog [****..]
Gold:   1050       SH: 14    Dex: 29    Spells: 12/12 levels left

rFire    . . .     SeeInvis .   F - +2 double sword
rCold    . . .     Faith    .   R - +2 kite shield
rNeg     . . .     Spirit   .   W - +0 plate armour
rPois    .         Reflect  .   (no helmet)
rElec    .         Harm     .   (no cloak)
rCorr    .         Rampage  .   (no gloves)
Will     ++...                  (no boots)
Stlth    ..........             M - amulet of magic regeneration
HPRegen  1.27/turn              I - +6 ring of dexterity
MPRegen  0.38/turn              v - +6 ring of dexterity

@: berserk cooldown, regenerating, slowed, very slow
A: no striking features
a: Renounce Religion, Berserk, Trog's Hand, Brothers in Arms


You were on level 2 of the Orcish Mines.
You worshipped Trog.
Trog was greatly pleased with you.
You visited 3 branches of the dungeon, and saw 14 of its levels.
You also visited: Sewer and Bailey.

You collected 1459 gold pieces.
You spent 409 gold pieces at shops.

Inventory:

Hand Weapons
 a - a +4 scimitar
 r - a +0 flail
 C - a +0 hand crossbow
 F - a +2 double sword (weapon)
Missiles
 b - 56 boomerangs (quivered)
 c - 64 bolts
 f - 9 poisoned darts
 l - 2 datura-tipped darts
 o - 4 javelins
Armour
 p - a +0 scale mail
 H - a +1 buckler
 R - a +2 kite shield (worn)
 V - a +0 chain mail
 W - a +0 plate armour (worn)
Jewellery
 m - an uncursed ring of flight
 v - a +6 ring of dexterity (right hand)
 w - an uncursed ring of willpower
 D - the ring "Yni Tihumy" {+Fly rC+ Int+2 Stlth+}
   (You found it on level 6 of the Dungeon)

   [ring of stealth]

   It affects your intelligence (+2).
   It protects you from cold.
   It lets you fly.
   It makes you more stealthy.
 E - an uncursed ring of magical power
 G - an uncursed amulet of faith
 I - a +6 ring of dexterity (left hand)
 K - an uncursed ring of protection from fire
 M - an amulet of magic regeneration (around neck)
 Q - an uncursed ring of positive energy
Wands
 h - a wand of digging (8)
 y - a wand of iceblast (7)
 N - a wand of disintegration (4)
 S - a wand of enslavement (10)
Scrolls
 d - 4 scrolls of remove curse
 e - 9 scrolls of teleportation
 n - a scroll of vulnerability
 t - 2 scrolls of blinking
 O - 3 scrolls of fear
 T - a scroll of enchant armour
 U - a scroll of identify
Potions
 g - a potion of magic
 i - a potion of might
 j - 5 potions of lignification
 k - 3 potions of berserk rage
 q - 4 potions of heal wounds
 s - 2 potions of flight
 u - 2 potions of haste
 x - a potion of cancellation
 z - 2 potions of attraction
 A - 6 potions of curing
 B - 2 potions of ambrosia
 J - a potion of mutation
Miscellaneous
 L - a phial of floods
 P - a box of beasts


   Skills:
 + Level 10.6 Fighting
 * Level 14.2 Long Blades
 + Level 10.5 Armour
 - Level 6.7 Dodging
 + Level 6.5 Shields


You had 12 spell levels left.
You didn't know any spells.
Your spell library was empty.

Dungeon Overview and Level Annotations

Branches:
Dungeon (11/15)            Temple (0/1) D:6            Lair (1/6) D:9
    Orc (2/2) D:10          Sewer (visited)          Bailey (visited)
    Elf: Orc:2

Altars:
Cheibriados
Dithmenos
Gozag
Hepliaklqana
Nemelex Xobeh
Ru
Sif Muna
Wu Jian
Xom
Yredelemnul

Shops:
D:7 *   D:11 }   Orc:1 ?   Orc:2 ??

Annotations:
D:10 2 transporters, TotesWizzard's ghost, journeyman MiWn
D:11 1 runed translucent door, T2blue's ghost, journeyman VSWz


Message History

The orc high priest hits you but does no damage.
You barely miss the orc high priest.
The orc high priest is lightly wounded.
You are no longer berserk.
You are exhausted.
You feel yourself slow down. The sun demon closely misses you.
The orc high priest mumbles some strange prayers to Beogh against you.
Beogh smites you!
* * * LOW HITPOINT WARNING * * *
You feel much better. The sun demon hits you!
* * * LOW HITPOINT WARNING * * *
You are engulfed in flames!
* * * LOW HITPOINT WARNING * * *
The orc sorcerer mumbles some strange words.
The orc priest invokes the aid of Beogh against you.
Beogh smites you!
* * * LOW HITPOINT WARNING * * *
A gelid demonspawn comes into view.
It is wielding a +2 demon blade of electrocution.
The sun demon hits you.
You die...

### ##.##
##...## #..
##.#.#.## #..
##...#...##
..###...###...##
.###...##
##...## ......##
##)).## .#...##
##.o@## .)..##
##)#3# .[.##
#..4o.).# .[##
##.#..o..# ...##
#.......##
...[##
#..##.#.##
.#...##
#..##...##
......##
6.##...#
.###...## #...#


You could see an orc high priest, a sun demon (summoned), a gelid demonspawn
(wandering, icemail), a rust devil (summoned), an orc sorcerer and an orc
priest.

Vanquished Creatures
  3 two-headed ogres
  3 death yaks (D:9)
  4 orc high priests
  A soul eater (Orc:2)
  4 skeletal warriors
  6 orc knights
  2 ugly things (D:10)
  3 orc sorcerers
  A manticore (D:10)
  An orange demon (Orc:2)
  A cane toad (Lair:1)
  A komodo dragon (Lair:1)
  3 trolls (D:10)
  An ice devil (Orc:2)
  A red devil (Orc:1)
  4 blink frogs (Lair:1)
  2 wyverns
  11 yaks
  A chaos spawn (Orc:2)
  4 wargs
  2 acid dragons
  4 water moccasins
  29 orc warriors
  A sky beast (D:5)
  3 black bears
  6 ogres
  3 phantoms
  2 big kobolds
  5 bullfrogs
  A gnoll sergeant (D:10)
  A water moccasin zombie (D:8)
  5 scorpions
  26 wights
  A howler monkey (D:3)
  A centaur skeleton (D:4)
  4 hounds
  2 jellies
  18 orc wizards
  20 orc priests
  A bullfrog skeleton (D:4)
  2 iguanas (D:5)
  3 hell rats (D:9)
  6 worker ants
  2 hound skeletons (D:8)
  2 worker ant zombies
  6 gnolls
  14 adders
  3 shadow imps
  4 white imps
  2 ufetubi
  An ooze (D:7)
  An adder zombie (D:8)
  4 worms
  3 adder skeletons
  2 dart slugs
  6 leopard geckos
  82 orcs
  A ball python (D:4)
  8 bats
  8 giant cockroaches
  11 goblins
  11 hobgoblins
  5 jackals
  5 quokkas
  4 frilled lizards
  A jackal zombie (D:7)
  28 kobolds
  A leopard gecko skeleton (D:4)
  A quokka skeleton (D:7)
  13 rats
432 creatures vanquished.

Vanquished Creatures (collateral kills)
  An orc high priest (Orc:2)
  An orc wizard (D:9)
  2 orc priests (D:9)
  3 hell rats (D:9)
  An orc (Orc:1)
8 creatures vanquished.

Vanquished Creatures (others)
  2 fungi (Lair:1)
  3 plants
5 creatures vanquished.

Grand Total: 445 creatures vanquished

Notes
Turn   | Place    | Note
-------+----------+-------------------------------------------
     0 | D:1      | Gwenloh the Human Berserker began the quest for the Orb.
     0 | D:1      | Reached XP level 1. HP: 18/18 MP: 1/1
   164 | D:1      | Reached XP level 2. HP: 17/24 MP: 2/2
   517 | D:1      | You fall into a shaft and drop 1 floor!
   523 | D:2      | Reached XP level 3. HP: 19/29 MP: 3/3
  1290 | D:2      | Reached ** piety under Trog
  1396 | D:2      | Reached XP level 4. HP: 30/35 MP: 4/4
  2535 | D:3      | Reached skill level 4 in Long Blades
  2535 | D:3      | Reached XP level 5. HP: 41/41 MP: 5/5
  2874 | D:3      | Found an ornate altar of the Wu Jian Council.
  2995 | D:3      | Found a snail-covered altar of Cheibriados.
  3152 | D:3      | Found a basalt altar of Yredelemnul.
  4114 | D:4      | Noticed a sky beast
  4134 | D:4      | Noticed an ogre
  4148 | D:4      | Killed an ogre
  4149 | D:4      | Reached skill level 1 in Shields
  4149 | D:4      | Reached XP level 6. HP: 37/48 MP: 6/6
  4158 | D:4      | Noticed a phantom
  4171 | D:3      | Reached skill level 5 in Long Blades
  4346 | D:4      | Reached XP level 7. HP: 54/54 MP: 7/7
  4595 | D:4      | Found an opulent altar of Gozag.
  4644 | D:4      | Found a snail-covered altar of Cheibriados.
  4646 | D:4      | Found a hazy altar of Hepliaklqana.
  4646 | D:4      | Found a shadowy altar of Dithmenos.
  5144 | D:5      | Entered Level 5 of the Dungeon
  5206 | D:5      | Reached XP level 8. HP: 13/61 MP: 8/8
  5449 | D:5      | Reached skill level 6 in Long Blades
  6232 | D:6      | Found a glowing drain.
  6239 | Sewer    | Entered a sewer
  6332 | Sewer    | Reached *** piety under Trog
  6333 | Sewer    | Reached skill level 5 in Fighting
  7255 | D:6      | Found a staircase to the Ecumenical Temple.
  7477 | D:6      | Reached skill level 7 in Long Blades
  7784 | D:6      | Got a coiled bronze ring
  7788 | D:6      | Identified the ring "Yni Tihumy" {+Fly rC+ Int+2 Stlth+}
                  | (You found it on level 6 of the Dungeon)
  8100 | D:6      | Found a shimmering blue altar of Sif Muna.
  8346 | D:7      | Found Faanun's Assorted Antiques.
  8385 | D:7      | Reached skill level 5 in Armour
  8385 | D:7      | Reached XP level 9. HP: 68/68 MP: 9/9
  8711 | D:7      | Found a shimmering altar of Xom.
  9609 | D:8      | Reached skill level 8 in Long Blades
 10055 | D:8      | Noticed a two-headed ogre
 10073 | D:8      | Killed a two-headed ogre
 10074 | D:8      | Reached skill level 9 in Long Blades
 10074 | D:8      | Reached XP level 10. HP: 71/77 MP: 10/10
 10309 | D:8      | Found a sparkling altar of Nemelex Xobeh.
 10757 | D:9      | Noticed a two-headed ogre
 10768 | D:9      | Killed a two-headed ogre
 10769 | D:9      | Reached skill level 10 in Long Blades
 10774 | D:9      | Found a sacrificial altar of Ru.
 11254 | D:9      | Reached **** piety under Trog
 11341 | D:9      | Noticed a death yak
 11361 | D:9      | Killed a death yak
 11364 | D:9      | Noticed a death yak
 11367 | D:9      | Noticed a death yak
 11368 | D:9      | Reached XP level 11. HP: 73/86 MP: 11/11
 11558 | D:9      | Found a shadowy altar of Dithmenos.
 11919 | D:9      | Found a staircase to the Lair.
 11974 | D:9      | Killed a death yak
 11975 | D:9      | Reached skill level 11 in Long Blades
 11986 | D:9      | Killed a death yak
 11987 | D:9      | Reached skill level 5 in Dodging
 12448 | Lair:1   | Entered Level 1 of the Lair of Beasts
 13257 | Lair:1   | Noticed a seven-headed hydra
 13501 | D:10     | Entered Level 10 of the Dungeon
 13531 | D:10     | Found a flagged portal.
 13539 | Bailey   | Entered a bailey
 14177 | D:10     | Found a staircase to the Orcish Mines.
 14200 | D:10     | Found a transporter.
 14200 | D:10     | Noticed a death knight
 14205 | D:10     | Noticed TotesWizzard's ghost (journeyman MiWn)
 14313 | D:10     | Found a transporter.
 14526 | D:10     | Noticed a purple ugly thing
 14529 | D:10     | Noticed a two-headed ogre
 14541 | D:10     | Killed a purple ugly thing
 14549 | D:10     | Killed a two-headed ogre
 14550 | D:10     | Reached skill level 12 in Long Blades
 14550 | D:10     | Reached XP level 12. HP: 58/95 MP: 12/12
 15133 | Orc:1    | Entered Level 1 of the Orcish Mines
 15138 | Orc:1    | Found Kopoilet's Magic Scroll Emporium.
 15138 | Orc:1    | Noticed an orc high priest
 15759 | D:11     | Noticed T2blue's ghost (journeyman VSWz)
 16770 | D:11     | Found a runed translucent door.
 16805 | D:11     | Identified the +3 scale mail of Qubeoxt {Harm rF+++ Str-4
                  | Dex+4}
 16849 | D:11     | Noticed a skeletal warrior
 16849 | D:11     | Noticed a skeletal warrior
 16849 | D:11     | Noticed a skeletal warrior
 16904 | D:10     | Killed a skeletal warrior
 17351 | D:11     | Noticed a skeletal warrior
 17371 | D:10     | Killed a skeletal warrior
 17469 | D:11     | Killed a skeletal warrior
 17819 | D:11     | Reached ***** piety under Trog
 18018 | D:11     | Found Sibraeco's Gadget Shop.
 18040 | D:11     | Killed a skeletal warrior
 18041 | D:11     | Reached skill level 13 in Long Blades
 18619 | Orc:1    | Bought a scroll of identify for 28 gold pieces
 18619 | Orc:1    | Bought a scroll of identify for 28 gold pieces
 18619 | Orc:1    | Bought a scroll of identify for 28 gold pieces
 18619 | Orc:1    | Bought a scroll of enchant weapon for 105 gold pieces
 18735 | Orc:1    | Reached skill level 5 in Shields
 18749 | Orc:1    | Received a gift from Trog
 18764 | Orc:1    | Reached skill level 10 in Fighting
 18764 | Orc:1    | Reached XP level 13. HP: 77/103 MP: 13/13
 19268 | Orc:1    | Paralysed by an orc sorcerer for 4 turns
 19636 | Orc:2    | Entered Level 2 of the Orcish Mines
 19923 | Orc:1    | Reached skill level 10 in Armour
 20177 | Orc:2    | Found Qyuklon's Magic Scroll Shop.
 20191 | Orc:2    | Found Gasutuge's Magic Scroll Boutique.
 20659 | Orc:2    | Bought a scroll of identify for 30 gold pieces
 20659 | Orc:2    | Bought a scroll of identify for 30 gold pieces
 20663 | Orc:2    | Bought a scroll of identify for 32 gold pieces
 20663 | Orc:2    | Bought a scroll of identify for 32 gold pieces
 20663 | Orc:2    | Bought a scroll of identify for 32 gold pieces
 20663 | Orc:2    | Bought a scroll of identify for 32 gold pieces
 20663 | Orc:2    | Bought a scroll of identify for 32 gold pieces
 21087 | Orc:2    | Reached skill level 14 in Long Blades
 21373 | Orc:2    | HP: 2/104 [orc priest/divine providence (13)]
 21373 | Orc:2    | Slain by a sun demon

Illustrated notes

Levels and vault maps discovered:
D:1:      dpeg_arrival_tiny_j, layout_basic
D:2:      layout_rooms
D:3:      layout_loops_corners, nzn_wu_jian_council_hall,
          nicolae_overflow_crystal_walls, kennysheep_slug_shrine
D:4:      layout_basic, lemuel_crystal_altar, grunt_temple_overflow_open,
          lightli_corner_chamber
D:5:      layout_rooms, kennysheep_path_1, lemuel_old_faithful
D:6:      layout_layer_cave, minmay_temple_entry_junction_2,
          gup_sewer_entry_bubbles, led_sif_book
D:7:      layout_basic, overflow_temple_1_default, serial_shops,
          nicolae_shop_overgrown_old_shop
D:8:      layout_cave_pools, lemuel_doored_altar, lightli_orcish_oven
D:9:      layout_loops_ring, old_standard_altar, dpeg_lair_monsters,
          nicolae_dithmenos_through_a_glass_darkly
D:10:     layout_loops_corners, orc_0_dummy, enter_bailey_1,
          gammafunk_ghost_mausoleum, kennysheep_generic_room_4
D:11:     layout_rooms, serial_shops, kennysheep_mini,
          hellmonk_ghost_happy_afterlife
Lair:1:   layout_cave_pods, portal_ice_cave_entry_pillars_2, st_stairs_13,
          lemuel_fruit_fields
Orc:1:    layout_caves, serial_shops, nicolae_shop_waterfront
Orc:2:    pf_orc_diabolical, layout_diamond_mine, serial_shops, shop_coins,
          uniq_snorg

Skill      XL: |  1  2  3  4  5  6  7  8  9 10 11 12 13 |
---------------+----------------------------------------+-----
Long Blades    | 4 5 7 9 10 12 13 14 | 14.2
Armour         | 3 4 5 6 7 8 9 10 | 10.5
Fighting       | 4 5 6 7 9 10 | 10.6
Shields        | 1 2 3 4 5 6 |  6.5
Dodging        | 4 6 |  6.7

Action                   |  1- 3 |  4- 6 |  7- 9 | 10-12 | 13-15 || total
-------------------------+-------+-------+-------+-------+-------++-------
Melee: Falchion          |    99 |   212 |   385 |   253 |       ||   949
       Scimitar          |       |       |       |   490 |     6 ||   496
       Double sword      |       |       |       |       |   233 ||   233
Throw: Javelin           |       |       |     4 |     4 |       ||     8
       Dart              |       |       |    22 |    55 |       ||    77
       Boomerang         |       |       |       |    32 |     8 ||    40
Invok: Berserk           |     1 |     2 |     8 |    22 |     4 ||    37
       Trog's Hand       |       |     4 |     9 |    12 |     3 ||    28
       Brothers in Arms  |       |       |       |     2 |     3 ||     5
 Abil: Evoke Flight      |       |       |       |     3 |       ||     3
       Stop Flying       |       |       |       |     1 |       ||     1
Evoke: Wand              |       |       |     1 |    10 |     1 ||    12
  Use: Scroll            |       |       |    15 |    14 |     8 ||    37
       Potion            |       |       |     2 |       |     1 ||     3
Armor: Animal skin       |    22 |       |       |       |       ||    22
       Ring mail         |     5 |    51 |    65 |       |       ||   121
       Scale mail        |       |       |    41 |   105 |    13 ||   159
       Skin              |       |       |    15 |       |       ||    15
       Plate armour      |       |       |       |       |     7 ||     7
Dodge: Dodged            |    63 |   139 |   208 |   315 |    59 ||   784
Block: Buckler           |       |    19 |    86 |   154 |       ||   259
       Kite shield       |       |       |       |    94 |   137 ||   231
       Rpst.: Falchion   |    18 |    39 |    59 |    25 |       ||   141
       Scimitar          |       |       |       |    52 |       ||    52
       Double sword      |       |       |       |       |    17 ||    17
